 Dungeon Crawl Stone Soup version 0.31.0-32-g396128a36d (webtiles) character file.

Game seed: 10333013273934268214

65 PaiMei the Grave Robber (level 3, -5/26 HPs)
             Began as a Demonspawn Necromancer on Apr 23, 2024.
             Slain by a phantom (7 damage)
             ... on level 5 of the Dungeon.
             The game lasted 00:02:21 (2078 turns).

PaiMei the Grave Robber (Demonspawn Necromancer)    Turns: 2078, Time: 00:02:22

Health: -5/26      AC:  2    Str:  8    XL:     3   Next: 94%
Magic:  6/6        EV: 12    Int: 17    God:
Gold:   41         SH:  0    Dex: 13    Spells: 3/7 levels left

rFire   + . .        d - +0 short sword
rCold   + . .        (no shield)
rNeg    + . .        a - +0 robe
rPois   .            (helmet restricted)
rElec   .            k - scarf {rC+ rF+}
rCorr   .            (no gloves)
SInv    .            (no boots)
Will    .....        (no amulet)
Stlth   ++           j - ring of positive energy
HPRegen 0.24/turn    (no ring)
MPRegen 0.10/turn

%: no passive effects
@: no status effects
A: antennae 1
a: no special abilities


You were on level 5 of the Dungeon.
You visited 1 branch of the dungeon, and saw 4 of its levels.

You collected 41 gold pieces.

Inventory:

Hand Weapons
 d - a +0 short sword (weapon)
Missiles
 l - 4 poisoned darts (quivered)
Armour
 a - a +0 robe (worn)
 k - a scarf of resistance (worn)
Jewellery
 j - a ring of positive energy (left hand)
Scrolls
 c - a scroll of teleportation {unknown}
 f - a scroll of fear {unknown}
 g - a scroll of immolation {unknown}
 m - a scroll of identify {unknown}
Potions
 b - a potion of magic
 e - a potion of degeneration {unknown}
 h - a potion of cancellation {unknown}
 i - a potion of enlightenment {unknown}


   Skills:
 + Level 1.2 Fighting
 + Level 2.4 Dodging
 - Level 2.0 Stealth
 + Level 2.6 Spellcasting
 + Level 4.8 Necromancy


You had 3 spell levels left.
You knew the following spells:

 Your Spells              Type           Power      Damage    Failure   Level
a - Necrotise             Necr           72%        1d7       2%          1
b - Vampiric Draining     Necr           18%        2d7       8%          3

Your spell library contained the following spells:

 Spells                   Type           Power      Damage    Failure   Level
 Lesser Beckoning         Tloc           4%         N/A       28%         2
 Gell's Gravitas          Tloc           2%         N/A       50%         3
 Teleport Other           Tloc           2%         N/A       50%         3
 Animate Dead             Necr           18%        N/A       24%         4
 Curse of Agony           Necr           18%        N/A       56%         5
 Ignite Poison            Fire/Alch      2%         N/A       88%         4
 Sticky Flame             Fire/Alch      2%         2d4       88%         4
 Conjure Ball Lightning   Conj/Air       1%         3x3d6     100%        6
 Discord                  Hex            1%         N/A       100%        8
 Disjunction              Tloc           1%         N/A       100%        8
 Ignition                 Fire           1%         3d3       100%        8


Dungeon Overview and Level Annotations

Branches:
Dungeon (3/15)

Altars:
Fedhas


Innate Abilities, Weirdness & Mutations

You have a pair of small antennae on your head.


Message History

The gnoll barely misses you.
You barely miss the gnoll.
The gnoll is moderately wounded.
You closely miss the phantom. You closely miss the phantom.
The phantom hits you.
The phantom blinks!
You blink.
The gnoll bouda gazes fiercely through you!
You feel your attacks grow feeble.
You open the door. The phantom closely misses you.
Your attacks no longer feel as feeble.
The phantom attacks as it pursues you! The phantom hits you.
The phantom blinks!
You blink.
You hit the phantom but do no damage. The phantom hits you!
The gnoll bouda barks out a call to the hunt!
The gnolls pick up the pace!
You hit the phantom.
The phantom is lightly damaged.
The phantom hits you.
* * * LOW HITPOINT WARNING * * *
The phantom blinks!
You blink.
The gnoll barely misses you.
The gnoll bouda barks out a call to the hunt!
The gnoll picks up the pace!
The gnoll hits you with a +0 club.
* * * LOW HITPOINT WARNING * * *
You closely miss the phantom.
The phantom is lightly damaged.
The phantom hits you.
* * * LOW HITPOINT WARNING * * *
The gnoll closely misses you.
The gnoll bouda calls upon its god to heal the gnoll.
The gnoll's wounds heal themselves!
The gnoll barely misses you.
You miss the phantom.
The phantom is lightly damaged.
The phantom hits you.
* * * LOW HITPOINT WARNING * * *
The gnoll closely misses you. x2
You barely miss the phantom.
The phantom is lightly damaged.
The gnoll closely misses you. The phantom hits you!
You die...

##.# ##.## ##...#
#...#+
+..⌠..+.....+
#'#...### .
##.##.##.## # .#
##...###g..## #..
#
#####gg...#...!.#
#.# #.#
#...'gg♣..'..<..+
#.###.###
#.###W@...#.....#
........###.#
##...###...##
.....##.....#
{##.## #.##
...........## #+#
## #....##....+
#....##.####
........#
#.##.#### .....#


You could see a phantom, a gnoll bouda and 3 gnolls.

Vanquished Creatures
  3 adders (D:2)
  A dart slug (D:1)
  2 ribbon worms (D:2)
  3 ball pythons
  3 bats
  An endoplasm (D:1)
  2 giant cockroaches (D:1)
  3 hobgoblins
  2 jackals (D:1)
  A quokka (D:1)
  2 frilled lizards
  4 goblins
  2 kobolds (D:1)
  4 rats
33 creatures vanquished.

Notes
Turn   | Place    | Note
-------+----------+-------------------------------------------
     0 | D:1      | PaiMei the Demonspawn Necromancer began the quest for the
                  | Orb.
     0 | D:1      | Reached XP level 1. HP: 13/13 MP: 3/3
   217 | D:1      | Found a faded altar of an unknown god.
   445 | D:1      | Gained mutation: You have a pair of small antennae on your
                  | head. [demonic ancestry]
   445 | D:1      | Reached XP level 2. HP: 14/19 MP: 0/5
  1337 | D:2      | Reached XP level 3. HP: 25/25 MP: 4/6
  1341 | D:2      | Learned a level 3 spell: Vampiric Draining
  1544 | D:2      | Reached skill level 1 in Fighting
  2017 | D:3      | You fall into a shaft and drop 2 floors!
  2017 | D:5      | Entered Level 5 of the Dungeon
  2017 | D:5      | Found a blossoming altar of Fedhas.
  2051 | D:5      | Noticed a phantom
  2078 | D:5      | Slain by a phantom

Illustrated notes

Levels and vault maps discovered:
D:1:      sevenhm_arrival_forest_fort_small_4, layout_basic,
          shapermc_ecumenical_altar_notcrosses
D:2:      layout_loops_ring
D:3:      layout_loops_ring
D:5:      layout_loops_cross, cheibriados_altar_1, fedhas_altar_2,
          general_overflow_altar, nicolae_hexahallways

Skill      XL: |  1  2  3 |
---------------+----------+-----
Stealth        | 2 |  2.0
Dodging        | 2 |  2.4
Fighting       | 1 |  1.2
Spellcasting   | |  2.6
Necromancy     | |  4.8

Action                     || total
---------------------------++-------
  Melee: Short sword       ||    21
   Cast: Necrotise         ||    66
 Armour: Robe              ||    25
  Dodge: Dodged            ||    36
